 Dungeon Crawl Stone Soup version 0.28.0-1-gb440e238dd (webtiles) character file.

Game seed: 10214319022493644225

302 zcampers the Chopper (level 6, -7/55 HPs)
             Began as a Minotaur Berserker on Feb 27, 2022.
             Was a Priest of Trog.
             Killed from afar by Ijyb (32 damage)
             ... with a bolt of acid
             ... on level 3 of the Dungeon.
             The game lasted 00:04:08 (3205 turns).

zcampers the Chopper (Minotaur Berserker)           Turns: 3205, Time: 00:04:09

Health: -7/55      AC:  9    Str: 24    XL:     6   Next: 14%
Magic:  5/5        EV:  9    Int:  4    God:    Trog [***...]
Gold:   89         SH:  0    Dex:  9    Spells: 5/5 levels left

rFire   . . .      SeeInvis .   a - +0 hand axe
rCold   . . .      Faith    .   (no shield)
rNeg    . . .      Spirit   .   h - +0 chain mail
rPois   .          Reflect  .   (helmet restricted)
rElec   .          Harm     .   (no cloak)
rCorr   .          Rampage  .   (no gloves)
Will    .....                   (no boots)
Stlth   ..........              (no amulet)
HPRegen 0.18/turn               (no ring)
MPRegen 0.09/turn               (no ring)

@: no status effects
A: horns 2, retaliatory headbutt
a: Renounce Religion, Berserk, Trog's Hand


You were on level 3 of the Dungeon.
You worshipped Trog.
Trog was most pleased with you.
You visited 1 branch of the dungeon, and saw 3 of its levels.

You collected 89 gold pieces.

Inventory:

Hand Weapons
 a - a +0 hand axe (weapon)
Missiles
 b - 2 throwing nets (quivered)
Armour
 h - a +0 chain mail (worn)
Jewellery
 f - a +6 ring of dexterity
Scrolls
 c - a scroll of magic mapping
 e - a scroll of holy word {unknown}
Potions
 d - a potion of invisibility


   Skills:
 + Level 4.8 Fighting
 + Level 6.2 Axes
 + Level 3.7 Armour
 + Level 3.2 Dodging
 + Level 1.2 Stealth


You had 5 spell levels left.
You didn't know any spells.
Your spell library was empty.

Dungeon Overview and Level Annotations

Branches:
Dungeon (3/15)

Altars:
Okawaru

Annotations:
D:3 Ijyb


Innate Abilities, Weirdness & Mutations

You have a pair of horns on your head.
You reflexively headbutt those who attack you in melee.


Message History

Ijyb is lightly wounded.
Ijyb hits you but does no damage.
You barely miss Ijyb.
Ijyb is lightly wounded.
Ijyb hits you but does no damage.
You barely miss Ijyb. Your punch misses Ijyb.
Ijyb is lightly wounded.
Ijyb hits you but does no damage.
You closely miss Ijyb. You headbutt Ijyb, but do no damage.
Ijyb is lightly wounded.
Ijyb hits you with a +0 dagger.
You hit Ijyb. Your headbutt misses Ijyb.
Ijyb is lightly wounded.
Ijyb hits you but does no damage.
You miss Ijyb.
Ijyb is lightly wounded.
Ijyb hits you but does no damage.
You hit Ijyb.
Ijyb is lightly wounded.
Ijyb hits you with a +0 dagger.
You closely miss Ijyb.
Ijyb is lightly wounded.
Ijyb barely misses you. You furiously retaliate!
You headbutt Ijyb. You closely miss Ijyb.
Ijyb is moderately wounded.
Ijyb hits you but does no damage.
You closely miss Ijyb.
Ijyb is moderately wounded.
Ijyb zaps a wand.
The bolt of acid hits you!!
You closely miss Ijyb.
Ijyb is moderately wounded.
Ijyb closely misses you.
You hit Ijyb.
Ijyb is heavily wounded.
Ijyb completely misses you.
You hit Ijyb but do no damage. Your headbutt misses Ijyb.
Ijyb is heavily wounded.
Ijyb zaps a wand.
The bolt of acid hits you!!
Ouch! That really hurt!
You die...

#####. #..... #####
#.###. #...#### #.#
#. #......# #.# #.
#..#.#.# #.# #.
#..._..** #.# #.
#..#.#..##*###.# #.
#.@g......,..#.# ##
#.########*#.#.#
#.# #.#.####
#.##########.#.....
#.##...........####
#.#..######.......#
#...............).)
#.#..######..#.##.#
#.#..# #..#.##.#


You could see Ijyb.

Vanquished Creatures
  Jessica (D:2)
  Natasha (twice) (D:3)
  An orc wizard (D:2)
  Robin (D:3)
  5 adders
  4 gnolls (D:3)
  A worm (D:2)
  A dart slug (D:1)
  10 orcs
  5 endoplasms
  4 giant cockroaches
  17 goblins
  9 hobgoblins
  8 kobolds
  9 ball pythons
  7 bats
  3 frilled lizards (D:1)
  4 rats
92 creatures vanquished.

Notes
Turn   | Place    | Note
-------+----------+-------------------------------------------
     0 | D:1      | zcampers the Minotaur Berserker began the quest for the
                  | Orb.
     0 | D:1      | Reached XP level 1. HP: 19/19 MP: 0/0
   337 | D:1      | Reached skill level 4 in Axes
   337 | D:1      | Reached XP level 2. HP: 25/27 MP: 1/1
   917 | D:1      | Reached XP level 3. HP: 33/33 MP: 2/2
   942 | D:1      | Reached ** piety under Trog
  1479 | D:2      | Noticed Jessica
  1484 | D:2      | Killed Jessica
  1485 | D:2      | Reached XP level 4. HP: 39/41 MP: 3/3
  1577 | D:2      | Reached skill level 5 in Axes
  1928 | D:2      | Reached XP level 5. HP: 47/47 MP: 4/4
  2257 | D:3      | Noticed Natasha
  2269 | D:3      | Killed Natasha
  2668 | D:3      | Noticed Natasha
  2672 | D:3      | Killed Natasha
  2673 | D:3      | Reached skill level 6 in Axes
  2707 | D:3      | Noticed Robin
  2715 | D:3      | Killed Robin
  2716 | D:3      | Reached skill level 1 in Stealth
  2716 | D:3      | Reached XP level 6. HP: 55/55 MP: 5/5
  2726 | D:3      | Reached *** piety under Trog
  3189 | D:3      | Noticed Ijyb
  3190 | D:3      | Found an iron altar of Okawaru.
  3205 | D:3      | Killed from afar by Ijyb

Illustrated notes

Levels and vault maps discovered:
D:1:      evilmike_arrival_hilbert_curve, layout_loops_ring,
          minmay_tree_intersection
D:2:      layout_loops_ring, guppyfry_early_orc_mine, uniq_jessica
D:3:      layout_loops_ring, okawaru_metal_pillars_1_2,
          chequers_serial_rivers_micro_d, uniq_natasha, uniq_ijyb, uniq_robin

Skill      XL: |  1  2  3  4  5 |
---------------+----------------+-----
Axes           | 4 5 6 |  6.2
Fighting       | 4 |  4.8
Armour         | 3 |  3.7
Dodging        | 3 |  3.2
Stealth        | 1 |  1.2

Action                   |  1- 3 |  4- 6 || total
-------------------------+-------+-------++-------
Melee: Hand axe          |    73 |   129 ||   202
       Headbutt          |     7 |    27 ||    34
       Punch             |       |     1 ||     1
Invok: Trog's Hand       |     1 |     1 ||     2
       Berserk           |       |     3 ||     3
  Use: Scroll            |     3 |     1 ||     4
       Potion            |     1 |     1 ||     2
 Stab: Sleeping          |     1 |       ||     1
       Invisible         |       |     3 ||     3
Armor: Animal skin       |     9 |       ||     9
       Ring mail         |     8 |       ||     8
       Chain mail        |     2 |    79 ||    81
Dodge: Dodged            |    60 |    77 ||   137
